 Dungeon Crawl Stone Soup version 0.17-a0-627-g5cb7d3e (webtiles) character file.

226692 Radiman the Axe Maniac (level 19, -9/195 HPs)
             Began as a Hill Orc Berserker on Apr 16, 2015.
             Was the Champion of Trog.
             Mangled by a naga warrior
             ... wielding a +0 club
              (12 damage)
             ... on level 5 of the Snake Pit.
             The game lasted 03:01:12 (47200 turns).

Radiman the Axe Maniac (Hill Orc Berserker)        Turns: 47200, Time: 03:01:13

Health: -9/195     AC: 24    Str: 28    XL:     19   Next: 36%
Magic:  19/19      EV:  7    Int:  2    God:    Trog [******]
Gold:   3249       SH:  0    Dex: 15    Spells: 0 memorised, 18 levels left

rFire  . . .     SeeInvis .     m - +7 broad axe "Quri Yla" {freeze, rPois Int-5 Dex+5}
rCold  + . .     Clarity  .     Y - +1 plate armour {rC+}
rNeg   . . .     SustAb   .     (no shield)
rPois  +         Gourm    +     h - +0 helmet
rElec  +         Spirit   .     b - +0 cloak
rCorr  .         Warding  .     M - +2 pair of gloves
rMut   .         Stasis   .     (no boots)
MR     ++...                    J - amulet of the gourmand
Stlth  ..........               X - ring "Hafu Jogea" {rElec Stlth-}
                                x - ring of protection from magic

@: lethally poisoned (-9 -> -10), constricted, very resistant to hostile
enchantments, extremely unstealthy
A: no striking features
a: Burn Spellbooks, Berserk, Trog's Hand, Brothers in Arms, Renounce Religion
}: 1/15 runes: decaying


You were on level 5 of the Snake Pit.
You worshipped Trog.
Trog was exalted by your worship.
You were very full.

You visited 5 branches of the dungeon, and saw 37 of its levels.
You also visited: Labyrinth.

You collected 3930 gold pieces.
You spent 681 gold pieces at shops.

Inventory:

Hand weapons
 j - a +2 executioner's axe of flaming
 m - the +7 broad axe "Quri Yla" (weapon) {freeze, rPois Int-5 Dex+5}
   (Trog gifted it to you on level 9 of the Dungeon)

   It has been specially enchanted to freeze those struck by it, causing extra
   injury to most foes and up to half again as much damage against particularly
   susceptible opponents.
   It can also slow down cold-blooded creatures.
   It affects your intelligence (-5).
   It affects your dexterity (+5).
   It protects you from poison.
Armour
 b - a +0 cloak (worn)
 h - a +0 helmet (worn)
 M - a +2 pair of gloves (worn)
 Y - a +1 plate armour of cold resistance (worn)
Jewellery
 o - an uncursed ring of wizardry {unknown}
 w - an uncursed ring of protection from magic
 x - a ring of protection from magic (left hand)
 J - an amulet of the gourmand (around neck)
 X - the ring "Hafu Jogea" (right hand) {rElec Stlth-}
   (You found it in a labyrinth)

   [ring of loudness]

   It insulates you from electricity.
   It makes you less stealthy.
Magical devices
 k - a wand of paralysis (7)
 v - a wand of draining (3)
 C - a wand of hasting (3)
 H - a wand of lightning (5)
 O - a wand of paralysis (16)
 U - a wand of digging (13)
Scrolls
 a - 4 scrolls of magic mapping
 u - 12 scrolls of teleportation
 y - 2 scrolls of fog
 F - a scroll of brand weapon {unknown}
 I - 3 scrolls of fear
 P - 5 scrolls of blinking
 W - a scroll of identify
Potions
 e - a potion of invisibility {unknown}
 f - 5 potions of restore abilities
 g - 5 potions of berserk rage {unknown}
 l - a potion of magic
 p - 3 potions of lignification
 q - 9 potions of agility
 t - 4 potions of flight {unknown}
 z - 2 potions of ambrosia {unknown}
 A - 2 potions of beneficial mutation {unknown}
 D - 14 potions of curing
 E - 4 potions of cancellation
 G - 7 potions of might {unknown}
 N - 2 potions of haste {unknown}
 Q - a potion of cure mutation {unknown}
Comestibles
 c - 17 bread rations
 d - 7 meat rations
 i - 34 fruits
 n - 11 royal jellies
 r - a slice of pizza
 B - 21 beef jerkies


   Skills:
 * Level 23.1 Fighting
 O Level 27 Axes
 - Level 13.6 Armour
 - Level 3.8 Dodging


You had 18 spell levels left.
You didn't know any spells.

Dungeon Overview and Level Annotations

Branches:
Dungeon (15/15)            Temple (0/1) D:6            Lair (8/8) D:9
  Swamp (5/5) Lair:4        Snake (5/5) Lair:6        Slime (0/6) Lair:7
    Orc (4/4) D:11            Elf (0/3) Orc:3        Vaults (0/5) D:14
 Depths (0/5) D:15

Altars:
Dithmenos
Elyvilon
Fedhas
Kikubaaqudgha
Nemelex Xobeh
Okawaru
Sif Muna
Vehumet
Beogh
Jiyva

Shops:
D:8 :   D:13 [   Orc:1 %   Orc:4 ([*:   Snake:3 =

Portals:
Trove: D:15 (show slimy rune of Zot)

Annotations:
Lair:1 exclusion: ice statue


Message History

The naga warrior is severely wounded.
You completely miss the naga. The naga barely misses you.
The naga warrior releases its grip on you.
A guardian serpent comes into view.
You feel sick.
The guardian serpent shouts!
The naga barely misses you. The naga grabs you. The naga constricts you.
Drink which item? (? for menu, Esc to quit)
You feel better.
The naga sharpshooter casts a spell.
The naga sharpshooter magically shoots an arrow.
The arrow hits you!!
* * * LOW HITPOINT WARNING * * *
The naga spits poison at you. The splash of poison hits you!
You are poisoned.
You resist. The naga hits you with a dire flail.
* * * LOW HITPOINT WARNING * * *
x2 The naga constricts you.
The naga warrior hits you with a club!
You die...

#.#.........#.......)).#.....##..
.....#...#...#...........#.......
#..##.#..................##...##.
#...#.##[.....S..N.......##...##.
#####.. ..# #....#.##..########..
### . #....##..###......###
#....#.###...........
#...N###.).(.........
#..N@##.((..#######..
#..N(#(((..## #...[)....##
#........## #.......## #......##
#.....## #.....## .....#


You could see a naga warrior, a naga sharpshooter, a guardian serpent and 2
nagas.

Vanquished Creatures
  the Lernaean hydra (Swamp:5)
  Nikola (Snake:1)
  Rupert (Lair:3)
  Frances (Swamp:1)
  A thorn hunter (Swamp:4)
  12 greater nagas
  Roxanne (Swamp:3)
  An orc warlord (Orc:4)
  Maud (Lair:3)
  A vault guard (D:15)
  A minotaur (Lab)
  2 fire dragons
  Fannar (D:10)
  29 hydras
  22 naga warriors
  An ice dragon (D:15)
  3 ghost crabs
  14 anacondas
  9 alligators
  2 centaur warriors (D:14)
  4 death yaks (Lair:5)
  4 orc high priests (Orc:4)
  Urug (D:12)
  3 spriggans (Swamp:3)
  A fire crab (Lair:8)
  11 naga sharpshooters
  Nergalle (Lair:1)
  A salamander mystic (Snake:5)
  5 shock serpents
  9 swamp dragons
  An unseen horror (Lab)
  4 shambling mangroves
  2 spriggan druids (Swamp:3)
  A necromancer (D:14)
  10 naga ritualists
  4 orc knights
  8 hill giants
  3 griffons
  3 hornets
  4 orc sorcerers
  9 salamanders
  A cyclops (D:12)
  7 mana vipers
  A rust devil (Orc:4)
  2 guardian serpents (Snake:5)
  A torpor snail (Lair:8)
  38 black mambas
  2 orange demons
  Psyche (D:10)
  A centaur zombie (D:15)
  4 centaur skeletons
  An orange crystal statue (D:13)
  7 naga magi
  A gargoyle (D:13)
  A fire drake (Lair:4)
  25 spiny frogs
  10 komodo dragons
  An efreet (D:12)
  2 redback zombies
  A blue devil (Orc:4)
  2 freezing wraiths
  8 wandering mushrooms
  12 polar bears
  2 two-headed ogres
  11 giant leeches
  A raiju (Lair:8)
  22 slime creatures
  6 trolls
  13 blink frogs
  11 ravens
  A spectral ghost crab (Swamp:1)
  A boulder beetle (Lair:7)
  19 bog bodies
  5 baby alligators
  4 shadows
  The ghost of ketsa the Ruffian, an average VSMo of Dithmenos (D:6)
  Sigmund (D:6)
  2 trapdoor spiders
  A deep elf mage (D:13)
  75 yaks
  2 vampires (D:14)
  A ynoxinul (Swamp:1)
  A centaur simulacrum (D:14)
  A water elemental (D:12)
  A wraith (D:14)
  4 wyverns
  3 basilisks
  A steam dragon (D:9)
  3 hungry ghosts
  51 nagas
  Grum (Lair:1)
  25 wolves
  10 hippogriffs
  12 vampire mosquitoes
  A spectral raven (Swamp:3)
  12 wargs
  3 mottled dragons
  14 insubstantial wisps
  2 spectral spiny frogs (Swamp:1)
  28 swamp worms
  10 ice beasts
  33 water moccasins
  A soldier ant (D:11)
  14 porcupines
  12 black bears (Lair:8)
  4 hell hounds (Lair:8)
  4 wasps
  3 phantoms
  A necrophage (D:15)
  40 orc warriors
  A sky beast (D:11)
  11 ogres
  2 eyes of draining
  20 swamp drakes
  3 boring beetles
  9 centaurs
  15 crocodiles
  20 giant frogs
  A spectral water moccasin (Swamp:1)
  2 big kobolds
  A gnoll sergeant (D:5)
  6 scorpions
  A wyvern skeleton (D:13)
  A yak zombie (D:14)
  A vampire bat (Lair:6)
  7 wights
  A spectral demigod (Swamp:1)
  A spectral giant frog (Swamp:1)
  6 crimson imps
  3 electric eels (Lair:2)
  3 killer bees (D:14)
  A goliath beetle (D:11)
  A giant frog zombie (D:13)
  A quasit (D:5)
  45 orc priests
  20 hounds
  20 jellies
  4 giant frog skeletons
  A gnoll shaman (D:5)
  49 orc wizards
  A spectral swamp drake (Swamp:1)
  Jessica (D:2)
  2 worker ants
  10 iguanas
  40 sheep
  A hound zombie (D:10)
  A mummy (D:9)
  11 gnolls
  10 adders
  34 river rats
  A shadow imp (D:10)
  2 white imps (Lair:1)
  An ooze (D:3)
  A spectral adder (Swamp:3)
  3 worms
  3 giant geckos
  246 orcs
  26 bats
  5 giant cockroaches
  15 hobgoblins
  16 jackals
  4 quokkas
  A ball python (D:6)
  3 giant newts
  19 goblins
  27 kobolds
  An orc skeleton (Orc:4)
  8 orc zombies (Orc:4)
  7 rats
  A ballistomycete (D:14)
  A briar patch (Swamp:4)
  14 fungi
  22 plants
1592 creatures vanquished.

Vanquished Creatures (others)
  2 insubstantial wisps (Swamp:1)
  A swamp drake (Swamp:1)
  An orc wizard (D:12)
  A giant spore (D:14)
  A briar patch (Swamp:4)
  3 fungi
  7 plants
16 creatures vanquished.

Grand Total: 1608 creatures vanquished

Notes
Turn   | Place    | Note
--------------------------------------------------------------
     0 | D:1      | Radiman, the Hill Orc Berserker, began the quest for the Orb.
     0 | D:1      | Reached XP level 1. HP: 19/19 MP: 1/1
   354 | D:1      | Found a sparkling altar of Nemelex Xobeh.
   389 | D:1      | Reached XP level 2. HP: 26/26 MP: 2/2
   560 | D:1      | Reached skill level 5 in Axes
   814 | D:2      | Reached XP level 3. HP: 28/31 MP: 3/3
  1012 | D:2      | Noticed Jessica
  1058 | D:2      | Killed Jessica
  1058 | D:2      | Reached skill level 6 in Axes
  1058 | D:2      | Reached XP level 4. HP: 39/39 MP: 4/4
  1092 | D:2      | Found a shadowy altar of Dithmenos.
  1095 | D:2      | Acquired Trog's second power
  1107 | D:2      | Found an iron altar of Okawaru.
  1595 | D:3      | Reached skill level 7 in Axes
  1877 | D:3      | Reached XP level 5. HP: 38/45 MP: 5/5
  2050 | D:3      | Reached skill level 8 in Axes
  2217 | D:4      | Reached XP level 6. HP: 51/51 MP: 6/6
  2219 | D:4      | Reached skill level 9 in Axes
  2583 | D:4      | Noticed a phantom
  2605 | D:4      | Killed a phantom
  2655 | D:5      | Entered Level 5 of the Dungeon
  2799 | D:5      | Reached skill level 10 in Axes
  2799 | D:5      | Reached XP level 7. HP: 57/57 MP: 7/7
  3451 | D:5      | Reached skill level 11 in Axes
  3984 | D:6      | Noticed ketsa's ghost (average VSMo)
  4002 | D:6      | Killed ketsa's ghost
  4002 | D:6      | Reached skill level 12 in Axes
  4002 | D:6      | Reached XP level 8. HP: 34/64 MP: 8/8
  4360 | D:6      | Acquired Trog's third power
  4367 | D:6      | Noticed Sigmund
  4369 | D:6      | Found a staircase to the Ecumenical Temple.
  4371 | D:6      | Killed Sigmund
  4371 | D:6      | Reached skill level 13 in Axes
  5040 | D:7      | Found a white marble altar of Elyvilon.
  5220 | D:7      | Reached skill level 14 in Axes
  5256 | D:7      | Reached XP level 9. HP: 70/70 MP: 9/9
  5776 | D:7      | Reached skill level 15 in Axes
  6480 | D:8      | Reached skill level 16 in Axes
  6482 | D:8      | Found Vijeshresm's Book Shoppe.
  6610 | D:8      | Noticed a hill giant
  6618 | D:8      | Killed a hill giant
  6669 | D:8      | Reached XP level 10. HP: 39/77 MP: 10/10
  6674 | D:8      | Reached skill level 17 in Axes
  7205 | D:8      | Found a radiant altar of Vehumet.
  7208 | D:8      | Found a deep blue altar of Sif Muna.
  7208 | D:8      | Found an ancient bone altar of Kikubaaqudgha.
  7209 | D:8      | Received a gift from Trog
  7277 | D:9      | Found a staircase to the Lair.
  7298 | Lair:1   | Entered Level 1 of the Lair of Beasts
  7338 | Lair:1   | Reached skill level 18 in Axes
  7374 | Lair:1   | Noticed Grum
  7377 | Lair:1   | Killed Grum
  7377 | Lair:1   | Reached skill level 19 in Axes
  7618 | Lair:1   | Noticed Nergalle
  7674 | Lair:1   | Killed Nergalle
  7674 | Lair:1   | Reached XP level 11. HP: 36/82 MP: 11/11
  7907 | Lair:1   | Noticed an ice statue
  7963 | Lair:1   | Reached skill level 20 in Axes
  8792 | Lair:2   | Noticed a black mamba
  8802 | Lair:2   | Killed a black mamba
  9116 | Lair:2   | Noticed a four-headed hydra
  9128 | Lair:2   | Killed an eight-headed hydra
  9384 | Lair:2   | Noticed a black mamba
  9388 | Lair:2   | Killed a black mamba
  9388 | Lair:2   | Reached skill level 5 in Fighting
  9388 | Lair:2   | Reached skill level 21 in Axes
  9792 | Lair:2   | Reached XP level 12. HP: 80/94 MP: 12/12
 10248 | D:9      | Reached skill level 5 in Armour
 10730 | D:9      | Received a gift from Trog
 10733 | D:9      | Got a slimy broad axe {god gift}
 10734 | D:9      | Identified the +7 broad axe "Quri Yla" {freeze, rPois Int-5 Dex+5} (Trog gifted it to you on level 9 of the Dungeon)
 10956 | D:10     | Entered Level 10 of the Dungeon
 11241 | D:10     | Noticed Psyche
 11247 | D:10     | Killed Psyche
 11481 | D:10     | Got a warped bardiche
 11498 | D:10     | Noticed Fannar
 11504 | D:10     | Killed Fannar
 12018 | D:11     | Found a white marble altar of Elyvilon.
 12238 | D:11     | Found a staircase to the Orcish Mines.
 12677 | Orc:1    | Entered Level 1 of the Orcish Mines
 12689 | Orc:1    | Received a gift from Trog
 13008 | Orc:1    | Found Gouzaufe's Food Shop.
 14004 | Orc:3    | Found a roughly hewn altar of Beogh.
 14211 | Orc:4    | Entered Level 4 of the Orcish Mines
 14228 | Orc:4    | Noticed an orc high priest
 14243 | Orc:4    | Killed an orc high priest
 14461 | Orc:3    | Received a gift from Trog
 14890 | Orc:3    | Found a staircase to the Elven Halls.
 15242 | Orc:4    | Reached XP level 13. HP: 91/107 MP: 13/13
 15299 | Orc:4    | Noticed an orc high priest
 15302 | Orc:4    | Received a gift from Trog
 15311 | Orc:4    | Killed an orc high priest
 15323 | Orc:4    | Received a gift from Trog
 15327 | Orc:4    | Noticed an orc high priest
 15687 | Orc:3    | Reached skill level 10 in Armour
 15910 | Orc:4    | Killed an orc high priest
 16071 | Orc:4    | Noticed an orc warlord
 16090 | Orc:4    | Killed an orc warlord
 16452 | Orc:4    | Noticed an orc high priest
 16460 | Orc:4    | Killed an orc high priest
 16695 | Orc:4    | Reached skill level 22 in Axes
 16718 | Orc:4    | Received a gift from Trog
 16867 | Orc:4    | Found Tiqia's General Store.
 16869 | Orc:4    | Found Geodwiocs's Book Shop.
 16872 | Orc:4    | Found Sejanos's Antique Armour Boutique.
 16872 | Orc:4    | Found Diamem's Antique Weapon Boutique.
 17371 | Orc:4    | Received a gift from Trog
 17450 | Orc:4    | Bought a pair of embroidered gloves for 171 gold pieces
 17517 | Orc:2    | Found a roughly hewn altar of Beogh.
 18056 | Lair:3   | Noticed Rupert
 18056 | Lair:3   | Noticed Maud
 18065 | Lair:3   | Killed Maud
 18067 | Lair:3   | Killed Rupert
 18645 | Lair:4   | Reached skill level 10 in Fighting
 18707 | Lair:4   | Found a labyrinth entrance.
 18715 | Lab      | Entered a labyrinth
 19342 | Lab      | Reached XP level 14. HP: 92/121 MP: 14/14
 19520 | Lab      | Noticed a minotaur
 19527 | Lab      | Killed a minotaur
 19527 | Lab      | Received a gift from Trog
 19533 | Lab      | Got a twisted plate armour
 19536 | Lab      | Got a brightly glowing platinum ring
 19548 | Lair:4   | Got a steaming hand axe
 19832 | Lair:2   | Identified the ring "Hafu Jogea" {rElec Stlth-} (You found it in a labyrinth)
 19843 | Lair:2   | Identified the +9 plate armour of Curiosity {-Cast rElec Int-4 Dex+3} (You took it off a minotaur in a labyrinth)
 20227 | Lair:4   | Identified the cursed +2 hand axe "Eviscerator" {chop, rPois MR- Str+2} (You found it on level 4 of the Lair of Beasts)
 20398 | Lair:4   | Found a staircase to the Swamp.
 20782 | Lair:5   | Found a staircase to the Snake Pit.
 21737 | Lair:5   | Received a gift from Trog
 22027 | Lair:6   | Found a staircase to the Snake Pit.
 22465 | Lair:6   | Found a staircase to the Swamp.
 23371 | Lair:7   | Reached skill level 23 in Axes
 23641 | Lair:7   | Found a staircase to the Slime Pits.
 23642 | Lair:7   | Found a viscous altar of Jiyva.
 23693 | Lair:7   | Received a gift from Trog
 23830 | Lair:7   | Reached XP level 15. HP: 119/136 MP: 15/15
 24410 | Lair:8   | Entered Level 8 of the Lair of Beasts
 24455 | Lair:8   | Identified a scroll of acquirement
 24662 | Lair:8   | Received a gift from Trog
 25683 | Lair:8   | Received a gift from Trog
 26359 | D:12     | Reached skill level 15 in Fighting
 26627 | D:12     | Noticed Urug
 26636 | D:12     | Killed Urug
 27021 | D:13     | Found Extod's Armour Shoppe.
 27306 | D:13     | Received a gift from Trog
 28245 | D:14     | Reached skill level 24 in Axes
 28245 | D:14     | Reached XP level 16. HP: 141/152 MP: 16/16
 28246 | D:14     | Found a gate to the Vaults.
 28332 | D:14     | Received a gift from Trog
 28553 | D:15     | Entered Level 15 of the Dungeon
 28755 | D:15     | Found an iron altar of Okawaru.
 29012 | D:15     | Found a staircase to the Depths.
 29104 | D:15     | Found a portal to a secret trove of treasure.
 29601 | Lair:2   | Lost intelligence.
 29812 | Snake:1  | Entered Level 1 of the Snake Pit
 29812 | Snake:1  | Noticed Nikola
 29825 | Snake:1  | Killed Nikola
 29846 | Lair:6   | HP: 6/155 [naga sharpshooter/arrow (8)]
 30862 | Snake:2  | Received a gift from Trog
 31630 | Snake:3  | Found Sogaybasm's Jewellery Shop.
 31668 | Snake:3  | Bought an uncursed amulet of the gourmand for 510 gold pieces
 32410 | Snake:3  | Received a gift from Trog
 32410 | Snake:3  | Reached skill level 25 in Axes
 32611 | Snake:3  | Got a fine battleaxe {god gift}
 32629 | Snake:3  | Identified the +6 battleaxe of the Heart {holy, Noisy rElec rF+ MR+} (Trog gifted it to you on level 3 of the Snake Pit)
 33381 | Snake:4  | Reached XP level 17. HP: 143/163 MP: 17/17
 34947 | Swamp:1  | Entered Level 1 of the Swamp
 35516 | Swamp:1  | Reached skill level 26 in Axes
 36240 | Swamp:1  | Noticed Frances
 36251 | Swamp:1  | Killed Frances
 36845 | Swamp:2  | Received a gift from Trog
 36852 | Swamp:2  | Got a steaming executioner's axe {god gift}
 37138 | Swamp:2  | Identified the +6 executioner's axe "Ypreux" {flame, +Fly rC+ Str+5 Dex+2} (Trog gifted it to you on level 2 of the Swamp)
 38292 | Swamp:3  | Reached skill level 27 in Axes
 39371 | Swamp:3  | Noticed Roxanne
 39386 | Swamp:3  | Killed Roxanne
 40795 | Swamp:4  | Reached XP level 18. HP: 176/176 MP: 18/18
 40915 | Swamp:4  | Received a gift from Trog
 41437 | Swamp:4  | Found a blossoming altar of Fedhas.
 41665 | Swamp:5  | Entered Level 5 of the Swamp
 43011 | Swamp:5  | Noticed the 27-headed Lernaean hydra
 43026 | Swamp:5  | Killed the 27-headed Lernaean hydra
 43045 | Swamp:5  | Got a decaying rune of Zot
 43257 | Swamp:5  | Received a gift from Trog
 43908 | Snake:5  | Entered Level 5 of the Snake Pit
 45618 | Snake:5  | Reached XP level 19. HP: 144/191 MP: 19/19
 46035 | Snake:4  | Received a gift from Trog
 47200 | Snake:5  | HP: 4/195 [naga/dire flail (6)]
 47200 | Snake:5  | Mangled by a naga warrior

Action                   |  1- 3 |  4- 6 |  7- 9 | 10-12 | 13-15 | 16-18 | 19-21 || total
-------------------------+-------+-------+-------+-------+-------+-------+-------++-------
Melee: Hand axe          |    79 |   133 |       |       |       |       |       ||   212
       War axe           |       |    46 |   410 |    36 |       |       |       ||   492
       Battleaxe         |       |       |       |   677 |  1229 |    87 |       ||  1993
       Broad axe         |       |       |       |       |       |  1207 |   193 ||  1400
Invok: Berserk           |       |     1 |     5 |     9 |     9 |    15 |     1 ||    40
       Burn Spellbooks   |       |       |       |     5 |     5 |     1 |       ||    11
  Use: Scroll            |     1 |       |     4 |     4 |    17 |    11 |     1 ||    38
       Potion            |       |       |       |       |       |     1 |     7 ||     8
 Stab: Sleeping          |     1 |       |       |       |       |       |       ||     1
       Confused          |       |       |       |       |       |     1 |       ||     1
  Eat: Chunk             |       |     7 |    17 |    35 |    46 |    71 |     4 ||   180
       Fruit             |       |       |     1 |       |       |       |       ||     1
       Pizza             |       |       |       |     1 |       |     1 |       ||     2
       Beef jerky        |       |       |       |       |     4 |       |       ||     4
       Meat ration       |       |       |       |       |       |     2 |       ||     2
